 Dungeon Crawl Stone Soup version 0.27.1-34-g3ba077fa99 (webtiles) character file.

Game seed: 11841273497285830763

182 pkoi the Ruffian (level 5, -5/40 HPs)
             Began as a Draconian Transmuter on Jan 5, 2022.
             Was an Initiate of Dithmenos.
             Killed by nerve-wracking pain
             ... invoked by Grinder
              (6 damage)
             ... on level 4 of the Dungeon.
             The game lasted 00:05:58 (4810 turns).

pkoi the Ruffian (Draconian Transmuter)             Turns: 4810, Time: 00:05:59

Health: -5/40      AC:  7    Str: 13    XL:     5   Next: 35%
Magic:  18/18      EV: 12    Int: 14    God:    Dithmenos [......]
Gold:   171        SH:  0    Dex: 11    Spells: 7/10 levels left

rFire    . . .     SeeInvis .     - Unarmed
rCold    . . .     Faith    .   (no shield)
rNeg     . . .     Spirit   .   (armour unavailable)
rPois    .         Reflect  .   b - +2 hat
rElec    .         Harm     .   (no cloak)
rCorr    .         Rampage  .   (no gloves)
Will     .....                  (no boots)
Stlth    +.........             e - amulet of the acrobat
HPRegen  0.13/turn              h - ring of magical power
MPRegen  0.16/turn              (no ring)

@: no status effects
A: AC +5, unfitting armour, cold-blooded
a: Renounce Religion


You were on level 4 of the Dungeon.
You worshipped Dithmenos.
Dithmenos was noncommittal.
You visited 1 branch of the dungeon, and saw 4 of its levels.

You collected 171 gold pieces.

Inventory:

Hand Weapons
 f - the +7 flail of Modesty {venom, rPois Dex+2}
   (You found it on level 4 of the Dungeon)

   It poisons the flesh of those it strikes.
   Dex:       It affects your dexterity (+2).
   rPois:     It protects you from poison.
 g - a +0 hand axe of venom
Armour
 b - a +2 hat (worn)
Jewellery
 e - an amulet of the acrobat (around neck)
 h - a ring of magical power (left hand)
Scrolls
 a - 5 scrolls of identify
 c - a scroll of magic mapping {unknown}


   Skills:
 - Level 1.1 Fighting
 - Level 1.7 Dodging
 + Level 4.7 Unarmed Combat
 - Level 3.0 Spellcasting
 + Level 3.4 Transmutations


You had 7 spell levels left.
You knew the following spells:

 Your Spells              Type           Power      Damage    Failure   Level
a - Beastly Appendage     Tmut           22%        N/A       5%          1
b - Wereblood             Tmut           11%        N/A       8%          2

Your spell library contained the following spells:

 Spells                   Type           Power      Damage    Failure   Level
 Spider Form              Tmut/Pois      3%         N/A       32%         3
 Ice Form                 Ice/Tmut       6%         N/A       71%         4
 Olgreb's Toxic Radiance  Pois           2%         N/A       91%         4
 Ozocubu's Refrigeration  Ice            1%         4d5       100%        7
 Ignition                 Fire           1%         3d3       100%        8


Dungeon Overview and Level Annotations

Branches:
Dungeon (4/15)
 Temple: D:4-7

Altars:
Dithmenos
Hepliaklqana
Okawaru
Sif Muna
The Shining One

Shops:
D:4 ?

Annotations:
D:3 1 runed translucent door, Sigmund; Vylera's ghost, amateur GnVM
D:4 Grinder


Innate Abilities, Weirdness & Mutations

Your plain brown scales are hard. (AC +5)
You cannot fit into any form of body armour.
You are cold-blooded and may be slowed by cold attacks.


Message History

f - the +7 flail of Modesty (weapon)
{venom, rPois Dex+2}
Found a stone staircase leading down.
Grinder shouts!
Grinder blinks!
Grinder is nearby!
Grinder is nearby!
You hit Grinder.
Your tail-slap misses Grinder.
Grinder is lightly wounded.
Grinder gestures at you. You resist with significant effort.
You hit Grinder.
Grinder is moderately wounded.
Grinder gestures at you.
You suddenly lose the ability to move!
Grinder hits you.
You writhe in agony.
Grinder hits you.
You writhe in agony.
Grinder hits you!
* * * LOW HITPOINT WARNING * * *
You writhe in agony.
* * * LOW HITPOINT WARNING * * *
Grinder hits you.
* * * LOW HITPOINT WARNING * * *
Grinder hits you but does no damage. Grinder hits you.
* * * LOW HITPOINT WARNING * * *
You writhe in agony.
* * * LOW HITPOINT WARNING * * *
Grinder hits you!
* * * LOW HITPOINT WARNING * * *
You writhe in agony.
* * * LOW HITPOINT WARNING * * *
You can move again.
Unknown command.
Unknown command.
Unknown command.
The +7 flail of Modesty {venom, rPois Dex+2} stops dripping with poison.
You are now empty-handed.
It was a potion of magic.
Magic courses through your body. Grinder gestures at you.
Pain shoots through your body!
You die...

...... #....≈≈..###
##############..).. #.≈≈.≈≈≈....
..........>......... #...≈≈≈.....
..####..###### .....§#.≈≈≈≈≈..<..
...###..##..## #.. #..≈..≈≈.....
....##..##...# #.# #.....≈≈.....
....##.....#.###.# #.....≈≈≈....
....#.........##.## #..≈..≈≈.....
....#.......#...@.##.....≈≈≈≈....
....#.....#.#.#.#5#.......≈≈.#.##
...#......#.#.#.#.........≈≈...#
..........#.#.#.≈≈≈.....[#≈≈#..#
..........#.#.#≈≈≈≈≈...# #≈ #..#
....#.....#.#..≈≈∩≈≈...#≈≈ #)##
..........#.###≈≈.≈≈...#≈####.###
..........#.###.≈.≈#...###....##.
).####..........#.#..............


You could see Grinder.

Vanquished Creatures
  A hound (D:4)
  3 adders
  A white imp (D:4)
  2 worms
  4 dart slugs
  11 orcs
  10 endoplasms
  A giant cockroach (D:1)
  9 hobgoblins
  5 quokkas (D:1)
  6 ball pythons
  5 bats
  4 frilled lizards
  10 goblins
  A goblin zombie (D:4)
  2 hobgoblin zombies (D:4)
  5 kobolds
  A kobold skeleton (D:4)
  A kobold zombie (D:4)
  An orc skeleton (D:4)
  An orc zombie (D:4)
  6 rats
90 creatures vanquished.

Notes
Turn   | Place    | Note
-------+----------+-------------------------------------------
     0 | D:1      | pkoi the Draconian Transmuter began the quest for the Orb.
     0 | D:1      | Reached XP level 1. HP: 16/16 MP: 3/3
   212 | D:1      | Reached XP level 2. HP: 10/23 MP: 5/5
   414 | D:1      | Learned a level 2 spell: Wereblood
   660 | D:1      | Found a faded altar of an unknown god.
  1118 | D:1      | Reached XP level 3. HP: 28/28 MP: 6/6
  1675 | D:2      | Reached skill level 4 in Unarmed Combat
  2390 | D:2      | Reached XP level 4. HP: 35/35 MP: 7/7
  2466 | D:3      | Found a runed translucent door.
  2468 | D:3      | Noticed Vylera's ghost (amateur GnVM)
  2554 | D:3      | Found a shimmering blue altar of Sif Muna.
  3036 | D:3      | Noticed Sigmund
  3199 | D:3      | Noticed a shadow
  3200 | D:3      | Found a shadowy altar of Dithmenos.
  3201 | D:3      | Found a hazy altar of Hepliaklqana.
  3246 | D:3      | Became a worshipper of Dithmenos the Shadowed
  3942 | D:4      | Found a glowing golden altar of the Shining One.
  3947 | D:4      | Reached XP level 5. HP: 40/40 MP: 5/9
  4050 | D:4      | Found Mise Enai's Magic Scroll Shoppe.
  4215 | D:4      | Found an iron altar of Okawaru.
  4369 | D:4      | Noticed Grinder
  4381 | D:4      | HP: 1/40 [Grinder/nerve-wracking pain (6)]
  4682 | D:4      | Paralysed by Grinder for 7 turns
  4776 | D:4      | Identified the +7 flail of Modesty {venom, rPois Dex+2}
  4802 | D:4      | Paralysed by Grinder for 7 turns
  4808 | D:4      | HP: 1/40 [Grinder (2)]
  4810 | D:4      | Killed from afar by Grinder

Illustrated notes

Levels and vault maps discovered:
D:1:      noname_arrival_rooms_in_the_neighbourhood, layout_basic,
          shapermc_ecumenical_altar_mp_ritualfount
D:2:      minmay_evil_eye, layout_rooms
D:3:      kb_forest_paths, layout_basic, mainiacjoe_overflow_six_doors_small,
          riverfiend_overflow_shadow_ancestor, ebering_ghost_reflecting_pool,
          minmay_misc_feat_diagonals, uniq_sigmund
D:4:      layout_rooms, kennysheep_okawaru_gauntlet,
          nicolae_tso_besieged_by_evil, serial_shops, nicolae_shop_waterfront,
          chequers_serial_rivers_small_3, uniq_grinder

Skill      XL: |  1  2  3  4 |
---------------+-------------+-----
Unarmed Combat | 4 |  4.7
Transmutations | 3 |  3.4
Spellcasting   | 3 |  3.0
Fighting       | |  1.1
Dodging        | |  1.7

Action                   |  1- 3 |  4- 6 || total
-------------------------+-------+-------++-------
Melee: Unarmed           |   161 |   157 ||   318
       Tailslap          |     9 |    12 ||    21
       Kick              |     5 |     8 ||    13
       Headbutt          |     1 |     3 ||     4
       Punch             |       |     2 ||     2
       Flail             |       |     2 ||     2
 Cast: Beastly Appendage |     5 |     5 ||    10
       Wereblood         |     4 |     5 ||     9
  Use: Scroll            |     1 |     3 ||     4
       Potion            |       |     4 ||     4
 Stab: Sleeping          |     1 |       ||     1
Armor: Skin              |    53 |    41 ||    94
Dodge: Dodged            |   129 |    94 ||   223
